Map: Nightshade LE

Players

Bunny - Winner!

  • Race: Terran Terran
  • League: Diamond
  • Spawn Location: 5:00

DnS

  • Race: Protoss Protoss
  • League: Grandmaster
  • Spawn Location: 11:00

VOD

Have the link to the VOD?

Description

Time

  • Played on: Jan. 13, 2020, 2:36 p.m.
  • Length: 10:42
Show
View Real Time Build Order
Export as new Build Order

Bunny Terran - Winner!

Build Orders: Reaper Expand 

Get SALT Encoding   

  12  0:01  SCV  
  13  0:13  SCV  
  14  0:17  Supply Depot  
  14  0:25  SCV  
  15  0:39  SCV  
  15  0:40  Barracks  
  16  0:44  Refinery  
  16  0:51  SCV  
  17  1:03  SCV  
  18  1:15  SCV  
  19  1:28  Reaper, Orbital Command  
  20  1:39  Command Center  
  20  1:53  SCV, Supply Depot  
  21  2:00  Marine  
  22  2:05  SCV  
  22  2:07  Factory  
  23  2:15  Refinery  
  23  2:17  SCV  
  23  2:22  Bunker  
  24  2:23  Barracks Reactor  
  25  2:30  SCV  
  25  2:42  SCV  
  26  2:51  Starport  
  26  2:52  Orbital Command  
  26  2:54  SCV  
  26  2:55  Widow Mine  
  29  2:59  Marine  
  29  3:00  Marine  
  31  3:06  SCV  
  32  3:17  Marine x2, SCV, Widow Mine  
  32  3:18  SCV  
  38  3:27  Supply Depot  
  38  3:28  Medivac  
  38  3:30  SCV  
  38  3:31  SCV  
  42  3:36  Marine x2  
  42  3:38  Factory Tech Lab  
  43  3:43  SCV x2  
  43  3:46  Barracks  
  45  3:55  SCV x2  
  47  3:57  Marine  
  47  3:58  Marine  
  49  4:05  Barracks  
  49  4:06  Supply Depot  
  49  4:07  SCV x2, Raven  
  49  4:09  Factory Tech Lab  
  53  4:13  Refinery  
  53  4:19  SCV  
  53  4:23  Engineering Bay  
  54  4:27  Marine x2  
  54  4:28  SCV  
  54  4:30  Supply Depot  
  57  4:34  SCV  
  58  4:40  SCV  
  59  4:47  SCV  
  59  4:48  Marine x2  
  59  4:51  Terran Infantry Weapons Level 1  
  59  4:52  SCV  
  61  4:53  Refinery  
  61  4:57  Factory Reactor, Supply Depot, Stimpack  
  61  4:59  Marauder  
  63  5:01  SCV  
  63  5:02  Starport Reactor  
  63  5:04  SCV  
  63  5:05  Supply Depot, Marauder  
  67  5:10  Marine x2  
  67  5:13  SCV  
  70  5:18  SCV, Supply Depot  
  70  5:19  Combat Shield  
  70  5:21  Marauder  
  73  5:25  SCV  
  73  5:28  Marine x2, Marauder  
  73  5:31  SCV, Supply Depot  
  73  5:35  Widow Mine x2  
  79  5:40  SCV  
  79  5:42  Medivac, Marauder  
  84  5:43  SCV  
  84  5:45  Medivac  
  84  5:49  Supply Depot  
  87  5:51  Marauder  
  87  5:54  Marine x2  
  87  5:55  Supply Depot  
  91  6:00  Widow Mine x2  
  95  6:08  Marauder  
  95  6:11  SCV x2  
  96  6:13  Marauder  
  96  6:14  Medivac  
  96  6:15  Medivac  
  96  6:16  Supply Depot  
  102  6:23  SCV x2  
  103  6:30  Command Center  
  103  6:34  Supply Depot  
  103  6:37  Marine, Marauder x2  
  103  6:39  Supply Depot  
  106  6:40  Concussive Shells  
  106  6:49  Medivac  
  106  6:50  Medivac  
  106  6:52  Widow Mine x2  
  114  7:01  Marine x2, Marauder x2  
  106  7:03  SCV x2  
  109  7:16  SCV x2  
  109  7:19  Supply Depot  
  109  7:21  Marine x2  
  109  7:22  Marauder x2  
  117  7:24  Medivac x2  
  117  7:27  Widow Mine x2  
  125  7:31  Terran Infantry Armor Level 1  
  125  7:43  Barracks x2  
  125  7:45  Marine, Marauder x2  
  119  7:55  Medivac x2  
  112  7:58  Widow Mine  
  112  7:59  SCV x2, Widow Mine  
  112  8:02  Orbital Command  
  112  8:05  Marine x2  
  115  8:09  Marauder  
  115  8:11  SCV x2  
  120  8:15  Refinery x2  
  120  8:17  Supply Depot  
  120  8:18  Marauder  
  122  8:23  SCV x2  
  122  8:24  Widow Mine x2  
  128  8:28  Marine x2  
  128  8:30  SCV, Marauder  
  133  8:34  Medivac  
  133  8:35  SCV x2, Medivac  
  133  8:36  Barracks Reactor  
  133  8:37  Barracks Tech Lab  
  133  8:40  Supply Depot  
  139  8:45  Marauder  
  139  8:48  SCV x3  
  143  8:50  Widow Mine x2  
  143  8:51  Marauder, Liberator  
  143  8:52  Marine x2  
  152  8:56  Armory, Engineering Bay  
  152  9:03  Marauder  
  152  9:07  Marauder  
  152  9:09  Marine, Liberator  
  158  9:10  Marine  
  158  9:13  Marauder  
  162  9:17  Marine x2  
  149  9:24  Marine  
  149  9:27  Marine x2  
  149  9:28  Widow Mine x2  
  157  9:31  Marauder  
  157  9:34  Marauder  
  157  9:35  Marine x2  
  157  9:36  Sensor Tower  
  161  9:38  Missile Turret  
  161  9:39  Missile Turret  
  161  9:41  Supply Depot  
  161  9:42  Supply Depot x2, Marauder  
  161  9:43  Command Center  
  163  9:49  Widow Mine x2, Ghost Academy  
  166  10:17  Marauder x3  
  166  10:19  Marine x4  
Show
View Real Time Build Order
Export as new Build Order

DnS Protoss 

Build Orders: 1 Gate Expand, Double Forge, Phoenix Opening, Blink Stalkers 

Get SALT Encoding   

  12  0:00  Probe  
  13  0:12  Probe  
  14  0:17  Pylon  
  14  0:24  Probe (Chrono Boost)  
  15  0:36  Probe (Chrono Boost)  
  15  0:37  Gateway  
  16  0:44  Probe (Chrono Boost)  
  16  0:48  Assimilator  
  17  0:51  Probe  
  18  1:03  Probe  
  19  1:15  Probe  
  20  1:24  Nexus  
  20  1:34  Cybernetics Core  
  20  1:37  Probe  
  21  1:43  Assimilator  
  21  1:49  Probe  
  21  1:53  Pylon  
  22  2:01  Probe  
  23  2:09  Adept (Chrono Boost)  
  23  2:11  Warp Gate  
  23  2:14  Probe  
  26  2:26  Probe (Chrono Boost)  
  27  2:30  Sentry (Chrono Boost)  
  27  2:37  Probe (Chrono Boost), Twilight Council  
  29  2:44  Probe (Chrono Boost)  
  30  2:46  Probe (Chrono Boost)  
  30  2:48  Stalker  
  30  2:51  Probe x2 (Chrono Boost)  
  35  3:00  Gateway  
  35  3:01  Phoenix  
  35  3:02  Probe  
  35  3:03  Probe  
  37  3:13  Blink (Chrono Boost)  
  37  3:15  Probe (Chrono Boost)  
  37  3:18  Probe (Chrono Boost)  
  39  3:26  Probe (Chrono Boost)  
  41  3:30  Probe (Chrono Boost)  
  41  3:31  Probe (Chrono Boost)  
  41  3:33  Pylon  
  42  3:40  Probe (Chrono Boost), Robotics Facility  
  43  3:41  Probe (Chrono Boost)  
  43  3:42  Assimilator  
  44  3:53  Probe (Chrono Boost)  
  44  3:55  Probe (Chrono Boost)  
  46  3:58  Probe (Chrono Boost)  
  46  3:59  Stalker x2  
  51  4:02  Probe  
  51  4:07  Pylon  
  51  4:08  Probe  
  53  4:13  Nexus  
  53  4:22  Pylon  
  53  4:25  Probe x2  
  53  4:27  Stalker  
  53  4:28  Stalker  
  53  4:29  Observer  
  60  4:42  Probe  
  59  4:49  Probe  
  59  4:51  Forge  
  61  4:53  Observer  
  61  4:54  Forge  
  61  4:57  Stalker  
  63  5:01  Probe  
  63  5:02  Probe  
  63  5:06  Charge  
  65  5:13  Probe, Pylon  
  66  5:16  Observer  
  67  5:22  Protoss Ground Weapons Level 1 (Chrono Boost), Protoss Ground Armor Level 1 (Chrono Boost)  
  67  5:28  Probe  
  68  5:31  Probe x2  
  68  5:34  Gateway  
  70  5:36  Gateway  
  70  5:37  Gateway  
  70  5:38  Gateway  
  70  5:43  Gateway  
  70  5:47  Gateway  
  70  5:49  Sentry  
  72  5:50  Probe  
  72  5:52  Probe x2  
  74  6:00  Immortal  
  78  6:09  Probe  
  79  6:12  Zealot x2, Shield Battery  
  79  6:13  Photon Cannon  
  79  6:15  Probe  
  79  6:16  Pylon  
  79  6:18  Probe  
  85  6:30  Probe x2, Zealot x2  
  91  6:37  Zealot x4  
  91  6:39  Stalker  
  101  6:45  Pylon  
  101  6:46  Pylon  
  101  7:00  Probe x2  
  101  7:01  Zealot x4  
  101  7:03  Stalker  
  95  7:10  Probe  
  95  7:12  Probe  
  95  7:15  Protoss Ground Armor Level 2 (Chrono Boost), Sentry  
  97  7:16  Zealot x2  
  97  7:17  Probe  
  97  7:19  Assimilator x2  
  97  7:22  Probe  
  105  7:26  Protoss Ground Weapons Level 2 (Chrono Boost), Stalker x2  
  107  7:38  Stalker  
  107  7:39  Stalker x2  
  109  7:49  Zealot x3  
  101  7:59  Probe x2  
  101  8:02  Warp Prism  
  104  8:07  Probe  
  105  8:13  Pylon, Zealot x3  
  105  8:14  Pylon  
  105  8:16  Probe x2  
  113  8:22  Probe  
  114  8:29  Templar Archives  
  114  8:30  Sentry  
  114  8:32  Sentry  
  114  8:33  Zealot x4  
  126  8:37  Photon Cannon  
  126  8:39  Pylon  
  126  8:47  Pylon  
  126  8:48  Pylon  
  126  8:53  Pylon  
  126  8:59  Stalker  
  126  9:00  Stalker x3  
  126  9:02  Zealot x2  
  133  9:21  Zealot x2  
  125  9:29  High Templar  
  125  9:30  High Templar, Stalker x2  
  132  9:34  Archon  
  132  9:38  Zealot x2  
  136  9:45  Zealot  
  138  9:46  Zealot  
  138  9:53  Zealot x2  
  138  9:56  Pylon  
  140  10:03  Zealot x4  
  148  10:10  Zealot x2  
  142  10:27  Stalker x6  
  113  10:33  Zealot x2  
Tags
 
Add a new tag
Caveats
  • Supply blocks, unpowered buildings, or Contaminate may cause inaccurate times.
  • Supply counts are checked every 10 seconds.